 Dungeon Crawl Stone Soup version 0.29.1-15-g9cfb28693d (webtiles) character file.

Game seed: 14164544461090651126

319 Lulwy the Cudgeller (level 6, 0/53 HPs)
             Began as a Draconian Berserker on Feb 22, 2023.
             Was a Priest of Trog.
             Succumbed to a gnoll's poison
             ... on level 4 of the Dungeon on Feb 23, 2023.
             The game lasted 00:15:20 (2039 turns).

Lulwy the Cudgeller (Draconian Berserker)           Turns: 2039, Time: 00:15:20

Health: 0/53       AC:  6    Str: 21    XL:     6   Next: 21%
Magic:  6/6        EV: 13    Int:  7    God:    Trog [***...]
Gold:   147        SH:  0    Dex: 11    Spells: 5/5 levels left

rFire   + . .      SeeInvis .   p - +3 mace (protect)
rCold   x . .      Faith    .   (no shield)
rNeg    . . .      Spirit   .   (body armour unavailable)
rPois   .          Reflect  .   (helmet restricted)
rElec   .          Harm     .   (no cloak)
rCorr   .          Rampage  .   (no gloves)
Will    .....                   (no boots)
Stlth   ++........              (no amulet)
HPRegen 0.17/turn               f - ring of fire
MPRegen 0.10/turn               (no ring)

@: mighty, lethally poisoned (0 -> -1)
A: AC +6, unfitting armour, cold-blooded
a: Renounce Religion, Berserk, Trog's Hand


You were on level 4 of the Dungeon.
You worshipped Trog.
Trog was most pleased with you.
You visited 1 branch of the dungeon, and saw 4 of its levels.

You collected 147 gold pieces.

Inventory:

Hand Weapons
 a - a +0 mace
 b - the +3 dagger of Unotwah {spect, rPois rF+ rN+}
   (You found it on level 2 of the Dungeon)

   When its wielder attacks, the weapon's spirit leaps out and strikes again.
   The spirit shares a part of any damage it takes with its wielder.
   rF:        It protects you from fire.
   rPois:     It protects you from poison.
   rN:        It protects you from negative energy.
 d - a +0 whip
 g - a +0 flail
 h - a +0 club
 j - a +0 short sword
 p - a +3 mace of protection (weapon)
 q - a +0 whip
 r - a +0 hand axe
 s - a +0 quarterstaff
 y - a +0 club
Armour
 i - a +0 ring mail
 x - a +0 ring mail
Jewellery
 f - a ring of fire (left hand)
Scrolls
 c - a scroll of enchant weapon {unknown}
 e - a scroll of fear
 k - a scroll of magic mapping {unknown}
 l - a scroll of teleportation {unknown}
 m - 2 scrolls of identify {unknown}
 n - 2 scrolls of amnesia {unknown}
 u - a scroll of poison {unknown}
 v - a scroll of enchant armour {unknown}
 w - 2 scrolls of noise {unknown}
Potions
 o - a potion of mutation {unknown}
 t - 4 potions of might
 z - 2 potions of curing {unknown}


   Skills:
 + Level 4.5 Fighting
 + Level 5.2 Maces & Flails
 + Level 3.9 Dodging
 + Level 1.2 Stealth


You had 5 spell levels left.
You didn't know any spells.
Your spell library was empty.

Dungeon Overview and Level Annotations

Branches:
Dungeon (4/15)
 Temple: D:4-7

Altars:
Uskayaw


Innate Abilities, Weirdness & Mutations

Your plain brown scales are hard. (AC +6)
You cannot fit into any form of body armour.
You are cold-blooded and may be slowed by cold attacks.


Message History

The gnoll hits you from afar with a +0 spear.
The gnoll shouts!
You hit the gnoll.
Your weapon exudes an aura of protection.
The gnoll is moderately wounded.
The gnoll hits you from afar with a +0 spear.
The gnoll hits you but does no damage. The gnoll barely misses you.
It was a potion of might.
You feel very mighty all of a sudden. The gnoll hits you but does no damage.
The gnoll barely misses you. The gnoll closely misses you.
You sock the gnoll!
You kill the gnoll!
Trog accepts your kill. The gnoll closely misses you.
The gnoll barely misses you.
The gnoll hits you from afar with a +0 spear.
The gnoll hits you with a +0 spear. The gnoll closely misses you.
The gnoll hits you from afar with a +0 halberd!
* * * LOW HITPOINT WARNING * * *
Things that are here:
a +0 spear; a lumpy golden potion; a gnoll corpse You hit the gnoll.
The gnoll is moderately wounded.
The gnoll hits you but does no damage. x2; The gnoll hits you with a +0 spear.
* * * LOW HITPOINT WARNING * * *
The gnoll attacks as you move away! The gnoll misses you.
The gnoll closely misses you. x2; The gnoll throws a poisoned dart.
The poisoned dart hits you!
You are lethally poisoned!
* * * LOW HITPOINT WARNING * * *
You feel sick.
* * * LOW HITPOINT WARNING * * *
You feel sick.
* * * LOW HITPOINT WARNING * * *
You feel sick.
* * * LOW HITPOINT WARNING * * *
You feel sick. The gnoll closely misses you.
* * * LOW HITPOINT WARNING * * *
You feel sick.
You die...

### #........#
..... ###.##
###......# ....##
.....### ###
#......# ....# #
#....# ..
#......# ....#
###.#..#####.##
#......#
#...#......##.#
#......#
#.#######....†##
######## #.#
#'##...### #.#
#...###..@# '.#
#...+ ###.## ###
#...# #..# #
#...# ##g# #
#...#' #.#
##......##g###..#
#####
.......g.....#
....#
...............
....#
.............#.


You could see 3 gnolls.

Vanquished Creatures
  2 scorpions (D:4)
  A jelly (D:4)
  Jessica (D:3)
  Ijyb (D:3)
  3 gnolls
  2 adders
  A hound simulacrum (D:3)
  The ghost of hawla the Firebug, a weakling MeFE (D:3)
  3 dart slugs
  An orc (D:3)
  6 endoplasms
  4 giant cockroaches
  3 goblins (D:1)
  5 hobgoblins
  3 jackals (D:2)
  2 quokkas (D:1)
  10 ball pythons
  2 ball python simulacra (D:3)
  2 bats (D:3)
  5 frilled lizards
  A jackal simulacrum (D:3)
  4 kobolds
  A quokka simulacrum (D:3)
  2 rats (D:2)
66 creatures vanquished.

Vanquished Creatures (others)
  2 plants (D:1)
  A withered plant (D:1)
3 creatures vanquished.

Grand Total: 69 creatures vanquished

Notes
Turn   | Place    | Note
-------+----------+-------------------------------------------
     0 | D:1      | Lulwy the Draconian Berserker began the quest for the Orb.
     0 | D:1      | Reached XP level 1. HP: 19/19 MP: 1/1
    62 | D:1      | Reached XP level 2. HP: 13/26 MP: 2/2
   133 | D:1      | Found a faded altar of an unknown god.
   523 | D:2      | Reached XP level 3. HP: 26/31 MP: 3/3
   547 | D:2      | Reached ** piety under Trog
   657 | D:2      | Identified the +3 dagger of Unotwah {spect, rPois rF+ rN+}
   951 | D:2      | Reached XP level 4. HP: 39/40 MP: 4/4
  1066 | D:3      | Noticed Ijyb
  1082 | D:3      | Killed Ijyb
  1083 | D:3      | Reached skill level 4 in Maces & Flails
  1269 | D:3      | Found a hide-covered altar of Uskayaw.
  1271 | D:3      | Found a runed translucent gate.
  1271 | D:3      | Found a runed translucent gate.
  1271 | D:3      | Found a runed translucent gate.
  1320 | D:3      | Noticed hawla's ghost (weakling MeFE)
  1335 | D:3      | Killed hawla's ghost
  1398 | D:3      | Reached *** piety under Trog
  1525 | D:3      | Noticed Jessica
  1535 | D:3      | Killed Jessica
  1536 | D:3      | Reached XP level 5. HP: 43/46 MP: 5/5
  2008 | D:4      | Reached skill level 5 in Maces & Flails
  2008 | D:4      | Reached skill level 1 in Stealth
  2017 | D:4      | Reached XP level 6. HP: 23/53 MP: 6/6
  2037 | D:4      | HP: 2/53 [poisoned by a gnoll]
  2039 | D:4      | Succumbed to a gnoll's poison

Illustrated notes

Levels and vault maps discovered:
D:1:      grunt_arrival_lava_bath, layout_loops_ring,
          shapermc_ecumenical_altar_gd, palyth_stone_intersect
D:2:      layout_basic, minmay_split_cup_large
D:3:      layout_loops_ring, overflow_temple_1_default,
          mainiacjoe_overflow_alcove_4, gammafunk_ghost_icy, uniq_ijyb,
          uniq_jessica
D:4:      old_forge, layout_basic, vehumet_statue, nicolae_ru_path_of_blood,
          kennysheep_orc_chapel, uniq_blork_the_orc

Skill      XL: |  1  2  3  4  5 |
---------------+----------------+-----
Dodging        | 3 |  3.9
Fighting       | 4 |  4.5
Maces & Flails | 4 5 |  5.2
Stealth        | 1 |  1.2

Action                   |  1- 3 |  4- 6 || total
-------------------------+-------+-------++-------
Melee: Mace              |    89 |    89 ||   178
       Tailslap          |    14 |    12 ||    26
  Use: Scroll            |     1 |       ||     1
       Potion            |       |     1 ||     1
 Stab: Sleeping          |       |     2 ||     2
Armor: Skin              |    26 |    49 ||    75
Dodge: Dodged            |    64 |    88 ||   152
